 Dungeon Crawl Stone Soup version 0.32-a0-484-g2eb335deba (webtiles) character file.

Game seed: 17334366807525695553

149 KhaoChiang the Trooper (level 5, -1/42 HPs)
             Began as a Mummy Fighter on Feb 26, 2024.
             Slain by a river rat (5 damage)
             ... summoned by 1Anon's ghost
             ... on level 3 of the Dungeon.
             The game lasted 00:02:55 (2665 turns).

KhaoChiang the Trooper (Mummy Fighter)              Turns: 2665, Time: 00:02:56

Health: -1/42      AC:  6    Str: 22    XL:     5   Next: 9%
Magic:  5/5        EV:  9    Int:  7    God:
Gold:   92         SH:  4    Dex: 11    Spells: 4/4 levels left

rFire   x . .        a - +0 flail
rCold   + . .        c - +0 buckler
rNeg    + + +        b - +0 scale mail
rPois   ∞            (no helmet)
rElec   .            (no cloak)
rCorr   .            (no gloves)
SInv    .            (no boots)
Will    .....        (no amulet) Stlth
                     (no ring)
HPRegen 0.27/turn    (no ring)
MPRegen 0.09/turn

%: faith
@: no status effects
A: cold resistance 1, negative energy resistance 3, torment resistance 2, heat
vulnerability 1, in touch with death 1, no potions, faith
a: no special abilities


You were on level 3 of the Dungeon.
You visited 1 branch of the dungeon, and saw 3 of its levels.

You collected 92 gold pieces.

Inventory:

Hand Weapons
 a - a +0 flail (weapon)
Armour
 b - a +0 scale mail (worn)
 c - a +0 buckler (worn)
Wands
 i - a wand of flame (18)
Scrolls
 d - 2 scrolls of enchant weapon {unknown}
 e - a scroll of immolation {unknown}
 f - 3 scrolls of identify {unknown}
 g - a scroll of amnesia {unknown}
 h - a scroll of brand weapon {unknown}
 j - a scroll of revelation {unknown}
 k - a scroll of fog {unknown}
 l - a scroll of fear {unknown}
 m - a scroll of enchant armour {unknown}


   Skills:
 + Level 3.7 Fighting
 * Level 0.8(1.9) Axes
 - Level 2.8(2.9) Maces & Flails
 + Level 3.0 Armour
 + Level 3.0 Shields


You had 4 spell levels left.
You didn't know any spells.
Your spell library contained the following spells:

 Spells                   Type           Power      Damage    Failure   Level
 Kiss of Death            Conj/Necr      0%         2d5       83%         1
 Shock                    Conj/Air       0%         1d3       83%         1
 Ensorcelled Hibernation  Hex/Ice        0%         N/A       92%         2
 Lesser Beckoning         Tloc           0%         N/A       92%         2
 Mercury Vapours          Alch/Air       0%         N/A       92%         2
 Fugue of the Fallen      Necr           0%         N/A       99%         3
 Gell's Gravitas          Tloc           0%         N/A       99%         3
 Mephitic Cloud           Conj/Alch/Air  0%         N/A       99%         3
 Swiftness                Air            0%         N/A       99%         3
 Teleport Other           Tloc           0%         N/A       99%         3
 Airstrike                Air            0%         2d(0-16)  100%        4
 Anguish                  Hex/Necr       0%         N/A       100%        4
 Freezing Cloud           Conj/Ice/Air   0%         6-21      100%        5


Dungeon Overview and Level Annotations

Branches:
Dungeon (3/15)

Altars:
Okawaru

Shops:
D:2 ((=[?

Annotations:
D:3 1Anon's ghost, amateur GnSu


Innate Abilities, Weirdness & Mutations

You are immune to poison.
Your flesh is cold resistant. (rC+)
You are immune to negative energy. (rN+++)
You are immune to unholy pain and torment.
You are vulnerable to heat. (rF-)
You are in touch with the powers of death.
You do not drink.
You have a special connection with the divine. (Faith)


Message History

You are too injured to fight recklessly!
You are too injured to fight recklessly!
You are too injured to fight recklessly!
You are too injured to fight recklessly!
You are too injured to fight recklessly!
You are too injured to fight recklessly!
You thump 1Anon's ghost! 1Anon's ghost is heavily damaged.
The quokka bites you but does no damage.
The quokka closely misses you. 1Anon's ghost hits you.
You sock 1Anon's ghost! 1Anon's ghost is severely damaged.
The quokka bites you.
You block the quokka's attack. 1Anon's ghost mumbles some strange words.
The quokka bites you but does no damage. x2
You hit 1Anon's ghost. 1Anon's ghost is almost destroyed. 1Anon's ghost hits you.
You block the quokka's attack. x2
You hit 1Anon's ghost but do no damage. 1Anon's ghost is almost destroyed.
The quokka closely misses you.
You block the quokka's attack. 1Anon's ghost gestures wildly while chanting.
The cerulean imp barely misses you. The quokka closely misses you.
The quokka barely misses you. 1Anon's ghost barely misses you.
The cerulean imp hits you but does no damage.
You barely miss 1Anon's ghost. 1Anon's ghost is almost destroyed.
The quokka bites you but does no damage.
The quokka bites you. 1Anon's ghost hits you.
* * * LOW HITPOINT WARNING * * *
The river rat closely misses you. The cerulean imp closely misses you.
The quokka closely misses you.
The quokka bites you but does no damage.
Unknown command.
You barely miss 1Anon's ghost. 1Anon's ghost is almost destroyed. 1Anon's ghost hits you.
* * * LOW HITPOINT WARNING * * *
The river rat bites you.
You die...

.....#÷......#.#.#######.#.#
######.......#.#.........#.#
.............#############.#
#####........##.).##.....[.#
#........##.~.##.#######
##....#.#..#.~.##.#
##.....#.####r5.##.#
#..#...#.#..#rWr#..#
#.##...#.#.###@#####
###.##...#.#.##..r#
.#..######.#.##...### .#.##
#.#........# (#.#
#.########.# .#.#
#.......>..# ...#
############ .#### ....#


You could see 1Anon's ghost, a cerulean imp (summoned), a river rat (summoned),
2 quokkas and a rat (summoned).

Vanquished Creatures
  Terence (D:2)
  4 adders
  3 dart slugs
  A ribbon worm (D:2)
  8 ball pythons
  9 bats
  9 endoplasms
  4 giant cockroaches
  5 goblins
  11 hobgoblins
  A jackal (D:2)
  A quokka (D:1)
  3 frilled lizards (D:1)
  9 kobolds
  4 rats
73 creatures vanquished.

Notes
Turn   | Place    | Note
-------+----------+-------------------------------------------
     0 | D:1      | KhaoChiang the Mummy Fighter began the quest for the Orb.
     0 | D:1      | Reached XP level 1. HP: 18/18 MP: 1/1
    89 | D:1      | Reached XP level 2. HP: 17/24 MP: 2/2
   260 | D:1      | Found a faded altar of an unknown god.
   269 | D:1      | Got Plato's Tractate on Shadows
   419 | D:1      | Reached XP level 3. HP: 28/29 MP: 3/3
   850 | D:2      | Found an iron altar of Okawaru.
   959 | D:2      | Found Xiamp's Weapon Boutique.
   967 | D:2      | Found a transporter.
   983 | D:2      | Noticed Terence
   994 | D:2      | Killed Terence
   995 | D:2      | Reached XP level 4. HP: 35/35 MP: 4/4
  1179 | D:2      | Found Wofuyts's Armour Emporium.
  1494 | D:2      | Found a transporter.
  1494 | D:2      | Found Areliwn's Jewellery Shoppe.
  1687 | D:2      | Found Qytas's Weapon Shop.
  1784 | D:2      | Found Eratoi's Magic Scroll Boutique.
  2445 | D:3      | Reached XP level 5. HP: 40/42 MP: 5/5
  2509 | D:3      | Found a runed translucent door.
  2650 | D:3      | Noticed 1Anon's ghost (amateur GnSu)
  2665 | D:3      | Slain by a river rat

Illustrated notes

Levels and vault maps discovered:
D:1:      minmay_arrival_cross, layout_basic,
          shapermc_ecumenical_altar_rom_forum
D:2:      minmay_chambers_of_twos, layout_loops_ring, basic_altar, serial_shops,
          nicolae_shop_rolled_up, nicolae_shop_drivethru,
          nicolae_shop_bloodbath_and_beyond, nicolae_shop_tiny_real_fake_doors,
          shop, minmay_split_cup_small, uniq_terence
D:3:      layout_basic, ebering_ghost_reflecting_pool

Skill      XL: |  1  2  3  4 |
---------------+-------------+-----
Maces & Flails | 2 |  2.8
Shields        | 3 |  3.0
Armour         | 3 |  3.0
Fighting       | |  3.7
Axes           | |  0.8

Action                     |  1- 3 |  4- 6 || total
---------------------------+-------+-------++-------
  Melee: Flail             |   113 |   173 ||   286
 Armour: Scale mail        |    88 |   165 ||   253
  Dodge: Dodged            |    58 |   106 ||   164
  Block: Buckler           |    25 |    58 ||    83

Table legend: (Time is in decaauts)
 A = Elapsed time spent in this place.
 B = Non-inter-level travel time spent in this place.
 C = Inter-level travel time spent in this place.
 D = Time resting spent in this place.
 E = Time spent auto-exploring this place.
 F = Levels seen in this place.
 G = Mean time per level.
                   A        B        C        D        E       F      G
               +--------+--------+--------+--------+--------+-----+--------+
         Total |   2751 |   2548 |    203 |    186 |   1757 |   3 |  917.0 |
       Dungeon |   2751 |   2548 |    203 |    186 |   1757 |   3 |  917.0 |
               +--------+--------+--------+--------+--------+-----+--------+

Top non-repeatable levels by time:
     D:2: 1173 daAuts
     D:1: 858 daAuts
     D:3: 719 daAuts
